 Seeded DCSS version 0.29-a0-821-g66395355a5 (webtiles) character file.

Game seed: 20220707 (custom seed)

2 flotson the Sneak (level 1, -1/18 HPs)
             Began as a Demonspawn Delver on July 7, 2022.
             Slain by a hobgoblin (3 damage)
             ... on level 2 of the Dungeon.
             The game lasted 00:01:55 (197 turns).

flotson the Sneak (Demonspawn Delver)                Turns: 197, Time: 00:01:55

Health: -1/18      AC:  3    Str: 12    XL:     1   Next: 33%
Magic:  1/1        EV: 11    Int: 11    God:
Gold:   0          SH:  0    Dex: 14    Spells: 0/0 levels left

rFire   . . .      SeeInvis .   a - +0 spear
rCold   . . .      Faith    .   (no shield)
rNeg    . . .      Spirit   .   b - +0 leather armour
rPois   .          Reflect  .   (no helmet)
rElec   .          Harm     .   (no cloak)
rCorr   .          Rampage  .   (no gloves)
Will    .....                   (no boots)
Stlth   ++........              (no amulet)
HPRegen 0.06/turn               (no ring)
MPRegen 0.07/turn               (no ring)

@: no status effects
A: no striking features
a: no special abilities


You were on level 2 of the Dungeon.
You visited 1 branch of the dungeon, and saw 4 of its levels.

Inventory:

Hand Weapons
 a - a +0 spear (weapon)
Armour
 b - a +0 leather armour (worn)
 j - a +0 ring mail
Wands
 g - a wand of digging (3)
Scrolls
 c - a scroll of fog
Potions
 i - a potion of resistance {unknown}


   Skills:
 + Level 3.0 Fighting
 + Level 0.1(1.0) Axes
 - Level 1.7 Polearms
 + Level 0.0 Throwing
 + Level 0.1 Armour
 + Level 1.8 Dodging
 + Level 4.5 Stealth
 + Level 0.0 Evocations


You couldn't memorise any spells.
You didn't know any spells.
Your spell library contained the following spells:

 Spells                   Type           Power      Damage    Failure   Level
 Ozocubu's Armour         Ice            0%         N/A       80%         3
 Metabolic Englaciation   Hex/Ice        0%         N/A       100%        5
 Simulacrum               Ice/Necr       0%         N/A       100%        6


Dungeon Overview and Level Annotations

Branches:
Dungeon (5/15)
 Temple: D:4-7

Altars:
Ru

Annotations:
D:3 Natasha
D:4 Robin


Message History

A hobgoblin comes into view.
Found a scroll labelled VOM SUTEMI and a chain mail.
The hobgoblin shouts!
Natasha mumbles some strange words.
The quokka attacks as you move away! The quokka closely misses you.
The quokka attacks as you move away! The quokka bites you.
* * * LOW HITPOINT WARNING * * *
The hobgoblin barely misses you. The hobgoblin attacks as you move away!
The hobgoblin closely misses you. The quokka attacks as you move away!
The quokka barely misses you. x2
There is a stone staircase leading up here.
The quokka barely misses you.
You climb upwards.
Found a scroll labelled IFACHA BEAM.
There is a stone staircase leading down here.
Unknown command.
Okay, then.
Unknown command.
You hit the quokka but do no damage. The quokka misses you.
The hobgoblin closely misses you.
You hit the quokka.
The quokka is almost dead.
The quokka bites you.
* * * LOW HITPOINT WARNING * * *
The hobgoblin barely misses you.
You hit the quokka.
You kill the quokka!
The hobgoblin closely misses you.
The hobgoblin shouts!
The hobgoblin barely misses you. The hobgoblin attacks as you move away!
The hobgoblin barely misses you. The hobgoblin attacks as you move away!
The hobgoblin hits you but does no damage.
The hobgoblin attacks as you move away! The hobgoblin hits you.
* * * LOW HITPOINT WARNING * * *
A bat and a jackal come into view.
Found 12 gold pieces.
You open the large door. The hobgoblin closely misses you.
The hobgoblin hits you.
You die...

################
...?...>..g.....
#####.#.####''##
# #.#.......
#g#..... #g#..#
#.@..# #.'...♣
...#..#.#
#.#.#......
...#.#.......


.bh ..####++# .... ..# .$. .### You could see a jackal (asleep), 2 hobgoblins
and a bat (asleep).

Vanquished Creatures
  A quokka (D:2)
  2 frilled lizards (D:3)
3 creatures vanquished.

Notes
Turn   | Place    | Note
-------+----------+-------------------------------------------
     0 | D:5      | flotson the Demonspawn Delver began the quest for the Orb.
     0 | D:5      | Reached XP level 1. HP: 18/18 MP: 1/1
    22 | D:5      | Noticed a phantom
   116 | D:4      | Noticed Natasha
   131 | D:4      | Found a sacrificial altar of Ru.
   136 | D:4      | Noticed Robin
   152 | D:3      | Noticed an iron imp
   197 | D:2      | Slain by a hobgoblin

Illustrated notes

Levels and vault maps discovered:
D:2:      layout_loops_ring, basic_altar, shapermc_ecumenical_altar_ellora,
          kennysheep_generic_room_4, uniq_crazy_yiuf_cottage, uniq_sigmund
D:3:      layout_rooms, grunt_dithmenos_smoke_and_mirrors,
          minmay_misc_feat_rows, kennysheep_donut
D:4:      layout_cave_pools, mainiacjoe_overflow_small_starburst,
          gammafunk_temple_overflow_statue, minmay_temple_entry_statues_pillars,
          uniq_natasha, uniq_duvessa, uniq_grinder, uniq_robin
D:5:      layout_basic, minmay_fractal_squares_diagonal_5

Action                   || total
-------------------------++-------
Melee: Spear             ||     3
Throw: Javelin           ||     3
  Use: Scroll            ||     2
       Potion            ||     2
Armor: Leather armour    ||     4
Dodge: Dodged            ||    16

Table legend: (Time is in decaauts)
 A = Elapsed time spent in this place.
 B = Non-inter-level travel time spent in this place.
 C = Inter-level travel time spent in this place.
 D = Time resting spent in this place.
 E = Time spent auto-exploring this place.
 F = Levels seen in this place.
 G = Mean time per level.
                   A        B        C        D        E       F      G
               +--------+--------+--------+--------+--------+-----+--------+
         Total |    193 |    193 |      0 |      0 |     19 |   4 |   48.2 |
       Dungeon |    193 |    193 |      0 |      0 |     19 |   4 |   48.2 |
               +--------+--------+--------+--------+--------+-----+--------+

Top non-repeatable levels by time:
     D:5: 116 daAuts
     D:3: 41 daAuts
     D:4: 26 daAuts
     D:2: 9 daAuts
